 Dungeon Crawl Stone Soup version 0.28-a0-751-gef3a642a4e (webtiles) character file.

Game seed: 1451136253143539629

126032 jasper the Brawler (level 16, -3/140 HPs)
             Began as a Demonspawn Artificer on Oct 30, 2021.
             Was the Champion of Cheibriados.
             Shot with an arrow by a deep elf archer (13 damage)
             ... on level 2 of the Elven Halls.
             The game lasted 00:43:52 (32755 turns).

jasper the Brawler (Demonspawn Artificer)          Turns: 32755, Time: 00:43:53

Health: -3/140     AC: 24    Str: 29    XL:     16   Next: 42%
Magic:  32/34      EV: 24    Int: 34    God:    Cheibriados [******]
Gold:   5          SH:  5    Dex: 28    Spells: 6/15 levels left

rFire   . . .      SeeInvis .     - Unarmed
rCold   + . .      Faith    .   (shield currently unavailable)
rNeg    . . .      Spirit   .   X - quicksilver dragon scales
rPois   .          Reflect  +   (helmet unavailable)
rElec   .          Harm     .   x - +0 cloak
rCorr   +          Rampage  .   (gloves currently unavailable)
Will    +++..                   q - +2 pair of boots
Stlth   ++........              H - amulet of reflection
HPRegen 0.33/turn               w - ring "Jiqacito" {rC+ Will+ rCorr MP+9}
MPRegen 0.24/turn               F - ring of the Tortoise {AC+8}

@: blade hands, very slow
A: horns 3, rugged brown scales 2, demonic guardian 3, spiny 2, subdued magic 1
a: End Transformation, Renounce Religion, Bend Time, Temporal Distortion,
Slouch, Step From Time


You were on level 2 of the Elven Halls.
You worshipped Cheibriados.
Cheibriados was exalted by your worship.
You had blades for hands.
You visited 5 branches of the dungeon, and saw 26 of its levels.
You also visited: Gauntlet.

You collected 2545 gold pieces.
You spent 2540 gold pieces at shops.

Inventory:

Missiles
 g - 792 stones (quivered)
 E - 6 silver javelins
 P - 3 throwing nets
 Q - a curare-tipped dart
 U - 16 javelins
Armour
 h - a +1 buckler of protection (melded)
 k - a +0 pair of gloves of dexterity (melded)
 p - the +6 chain mail "Jyont" {rElec rF+ Int+4}
   (You took it off a minotaur in a Gauntlet)

   Int:       It affects your intelligence (+4).
   rF:        It protects you from fire.
   rElec:     It insulates you from electricity.
 q - a +2 pair of boots (worn)
 x - a +0 cloak (worn)
 G - +0 acid dragon scales
 X - quicksilver dragon scales (worn)
Jewellery
 a - a ring of fire
 b - a ring of positive energy
 c - the ring "Koefyuwk" {rC+ rN+}
   (You bought it in a shop on level 2 of the Orcish Mines)

   [ring of positive energy]

   rC:        It protects you from cold.
   rN:        It protects you from negative energy.
 l - the ring of Past Mistakes {+Blink rCorr Dex+3 SInv}
   (You found it in a Gauntlet)

   [ring of see invisible]

   Dex:       It affects your dexterity (+3).
   SInv:      It lets you see invisible.
   +Blink:    It lets you blink.
   rCorr:     It protects you from acid and corrosion.
 w - the ring "Jiqacito" (left blade hand) {rC+ Will+ rCorr MP+9}
   (You found it on level 6 of the Lair of Beasts)

   [ring of willpower]

   rC:        It protects you from cold.
   MP:        It affects your magic capacity (+9).
   rCorr:     It protects you from acid and corrosion.
   Will:      It increases your willpower.
 C - a ring of wizardry
 F - the ring of the Tortoise (right blade hand) {AC+8}
   (You found it on level 15 of the Dungeon)

   [ring of protection]

   AC:        It affects your AC (+8).
 H - an amulet of reflection (around neck)
 M - an amulet of regeneration
Wands
 d - a wand of charming (14)
 f - a wand of flame (29)
 z - a wand of iceblast (19)
 D - a wand of mindburst (65)
 I - a wand of acid (13)
 K - a wand of digging (29)
 L - a wand of polymorph (18)
 Y - a wand of paralysis (9)
Scrolls
 i - 2 scrolls of identify
 j - 4 scrolls of summoning
 m - 12 scrolls of teleportation
 y - 4 scrolls of immolation
 A - 3 scrolls of enchant weapon
 B - 8 scrolls of fear
 O - 2 scrolls of blinking
 S - 4 scrolls of magic mapping
 V - 2 scrolls of silence
 Z - a scroll of vulnerability
Potions
 n - 3 potions of ambrosia
 o - 3 potions of flight
 r - 5 potions of heal wounds
 s - 5 potions of magic
 v - 14 potions of curing
 N - 5 potions of attraction
 R - 2 potions of might
 T - 3 potions of lignification
 W - 2 potions of resistance
Miscellaneous
 e - a piece from Xom's chessboard (15/15)
 t - a box of beasts
 u - a phial of floods
 J - a phantom mirror


   Skills:
 + Level 14.6 Fighting
 + Level 2.3 Armour
 + Level 12.9 Dodging
 - Level 0.8 Stealth
 - Level 4.7 Shields
 - Level 15.0 Unarmed Combat
 - Level 11.1 Transmutations
 - Level 12.0 Invocations
 - Level 3.2 Evocations


You had 6 spell levels left.
You knew the following spells:

 Your Spells              Type           Power      Damage    Failure   Level
a - Blade Hands           Tmut           27%        N/A       22%         5
b - Tukima's Dance        Hex            0%         N/A       71%         3
c - Apportation           Tloc           0%         N/A       43%         1

Your spell library contained the following spells:

 Spells                   Type           Power      Damage    Failure   Level
 Spider Form              Tmut/Pois      14%        N/A       22%         3
 Slow                     Hex            0%         N/A       43%         1
 Ice Form                 Ice/Tmut       29%        N/A       43%         4
 Ensorcelled Hibernation  Hex/Ice        0%         N/A       52%         2
 Poisonous Vapours        Pois/Air       0%         N/A       52%         2
 Static Discharge         Conj/Air       0%         N/A       52%         2
 Alistair's Intoxication  Tmut/Pois      19%        N/A       69%         5
 Irradiate                Conj/Tmut      14%        3d18      69%         5
 Call Canine Familiar     Summ           0%         N/A       71%         3
 Confusing Touch          Hex            0%         N/A       71%         3
 Frozen Ramparts          Ice            0%         1d2       71%         3
 Gell's Gravitas          Tloc           0%         N/A       71%         3
 Lesser Beckoning         Tloc           0%         N/A       71%         3
 Ozocubu's Armour         Ice            0%         N/A       71%         3
 Portal Projectile        Hex/Tloc       0%         N/A       71%         3
 Teleport Other           Tloc           0%         N/A       71%         3
 Vampiric Draining        Necr           0%         2d6       71%         3
 Animate Dead             Necr           0%         N/A       95%         4
 Dispel Undead            Necr           0%         3d6       95%         4
 Leda's Liquefaction      Hex/Erth       0%         N/A       95%         4
 Sticky Flame             Conj/Fire      0%         2d3       95%         4
 Summon Ice Beast         Ice/Summ       0%         N/A       95%         4
 Summon Lightning Spire   Summ/Air       0%         N/A       95%         4
 Borgnjor's Vile Clutch   Necr/Erth      0%         N/A       99%         5
 Metabolic Englaciation   Hex/Ice        0%         N/A       99%         5
 Silence                  Hex/Air        0%         N/A       99%         5
 Death Channel            Necr           0%         N/A       100%        6
 Invisibility             Hex            0%         N/A       100%        6
 Simulacrum               Ice/Necr       0%         N/A       100%        6
 Dragon Form              Tmut           27%        N/A       93%         7
 Storm Form               Tmut/Air       14%        N/A       100%        7
 Maxwell's Capacitive Co  Air            0%         ∞         100%        8
 Chain Lightning          Conj/Air       0%         N/A       100%        9
 Fire Storm               Conj/Fire      0%         5d1       100%        9
 Shatter                  Erth           0%         3d5*      100%        9


Dungeon Overview and Level Annotations

Branches:
Dungeon (15/15)            Temple (1/1) D:5            Lair (6/6) D:8
  Swamp (0/4) Lair:2       Spider (0/4) Lair:3        Slime (0/5) Lair:5
    Orc (2/2) D:10            Elf (2/3) Orc:2        Vaults (0/5) D:13
 Depths (0/4) D:15        Gauntlet (visited)

Altars:
Ashenzari
Cheibriados
Dithmenos
Elyvilon
Fedhas
Gozag
Hepliaklqana
Kikubaaqudgha
Makhleb
Nemelex Xobeh
Okawaru
Qazlal
Ru
Sif Muna
Trog
Uskayaw
Vehumet
Wu Jian
Xom
Yredelemnul
Zin
The Shining One

Shops:
D:6 *   Orc:2 **[(   Elf:1 [(([

Portals:
Trove: D:13 (give +2 gold dragon scales)

Annotations:
D:4 2 runed translucent doors, SirDiesAlot's ghost, weakling MiDe
Lair:3 exclusion: oklob plant
Lair:4 2 transporters, Juirae's ghost, journeyman TrMo


Innate Abilities, Weirdness & Mutations

You have blades for hands.
Your spellcasting is less reliable in this form.
You are incapable of wielding weapons or throwing items.
You have a pair of large horns on your head.
You are mostly covered in rugged brown scales. (AC +2, +5% HP)
A powerful demonic guardian rushes to your aid.
You are mostly covered in sharp spines.
Your spells are a little easier to cast, but a little less powerful.


Message History

The deep elf archer casts a spell at you.
You resist with almost no effort.
The deep elf archer gestures wildly while chanting.
The deep elf archer blinks!
The deep elf knight is struck by your spines.
The deep elf knight hits you with a +0 long sword!
The deep elf pyromancer casts a spell at you.
The sticky flame misses you.
The sticky flame misses the deep elf knight.
The deep elf knight gestures at you while chanting.
The lance of force hits you!!
You are knocked back by the lance of force.
The deep elf pyromancer mumbles some strange words.
The deep elf pyromancer blinks!
You take 27 damage, and have 48/140 hp.
The deep elf archer shoots an arrow.
The arrow hits you.
The deep elf archer shoots an arrow.
The arrow hits you but does no damage.
The deep elf knight casts a spell at you.
The shard of ice reflects off an invisible shield around you!
The shard of ice hits the deep elf knight!!
The deep elf archer shoots an arrow.
The arrow hits you but does no damage.
The deep elf archer shoots an arrow.
The arrow hits you.
* * * LOW HITPOINT WARNING * * *
The deep elf archer shoots an arrow.
The arrow hits you!
* * * LOW HITPOINT WARNING * * *
A demonic guardian appears!
The deep elf pyromancer is struck by your spines.
The deep elf pyromancer hits you but does no damage.
The deep elf knight casts a spell.
The deep elf knight seems to speed up.
The deep elf pyromancer casts a spell.
You take 24 damage, and have 24/140 hp.
You slice the deep elf pyromancer!! You slash the deep elf pyromancer!
You kill the deep elf pyromancer!
Cheibriados thoroughly appreciates the change of pace.
The deep elf archer shoots an arrow.
The arrow hits you!
* * * LOW HITPOINT WARNING * * *
The deep elf knight hits your soul eater but does no damage.
The deep elf archer shoots an arrow.
The arrow hits you!
You die...

.# .. #.## .....
#..###.....
#.......... #
##..#....<..
##.##...#.......
......###$......
###...#e......
###...@.Ee..$...
#.....))3(...###
#....[)##
#?.e....E..#
#..........#
#...........#
#......[.....#
###....$.$#.#..


You could see 3 deep elf archers, a deep elf knight (fast), a deep elf
pyromancer (ally target), 2 fire elementals, a +1 halberd of venom and a
friendly soul eater (summoned).

Vanquished Creatures
  Gastronok (Lair:3)
  Frances (D:12)
  An iron dragon (D:15)
  A very ugly thing (D:15)
  A minotaur (Gauntlet)
  Josephine (D:15)
  A deep elf death mage (Elf:2)
  A fire dragon (D:13)
  Harold (D:9)
  Erolcha (D:12)
  2 ogre magi (Orc:2)
  5 hydras
  2 centaur warriors
  4 catoblepae
  16 two-headed ogres
  Erica (Orc:1)
  9 death yaks
  A deep troll shaman (Lair:6)
  A tengu warrior (D:12)
  A death knight (D:14)
  6 dancing weapons
  Urug (D:10)
  6 deep elf knights
  Nergalle (Orc:1)
  7 iron trolls (D:15)
  A death drake (Gauntlet)
  A bog body (Lair:2)
  A lindwurm (Lair:6)
  2 wizards (D:15)
  2 phantasmal warriors (D:14)
  14 deep elf pyromancers
  2 deep elf archers (Elf:1)
  A wolf spider (D:15)
  Pikel (D:4)
  4 orc knights
  A necromancer (D:15)
  A cyclops (shapeshifter) (Elf:1)
  12 deep elf zephyrmancers
  A mana viper (shapeshifter) (Gauntlet)
  4 cyclopes
  5 ugly things
  3 manticores
  3 black mambas
  2 naga magi (D:15)
  14 elephants
  15 cane toads
  A torpor snail (shapeshifter) (Gauntlet)
  A cane toad (shapeshifter) (D:13)
  A torpor snail (Lair:5)
  An unseen horror (D:7)
  4 rime drakes
  2 freezing wraiths (D:14)
  A yaktaur (D:15)
  6 komodo dragons
  3 trolls
  A hornet (D:7)
  A jumping spider (Lair:3)
  A wolf spider simulacrum (Gauntlet)
  4 polar bears
  A slime creature (shapeshifter) (Gauntlet)
  A harpy skeleton (D:15)
  15 blink frogs
  22 slime creatures
  4 centaur simulacra
  2 vampires
  2 shadows
  6 wraiths
  4 wyverns
  4 basilisks
  47 yaks
  A water elemental (Elf:1)
  A golden eye (shapeshifter) (D:13)
  2 steam dragons
  2 fire elementals (Elf:1)
  7 vampire mosquitoes
  Menkaure (D:7)
  3 swamp worms (Gauntlet)
  2 acid dragons
  4 wargs (Orc:2)
  16 water moccasins
  26 orc warriors
  2 ice beasts (D:8)
  2 black bears (D:6)
  A hornet zombie (D:15)
  2 sky beasts
  26 ogres
  An ice dragon simulacrum (Gauntlet)
  9 centaurs
  23 wolves
  A lemure (D:4)
  A phantom (D:5)
  11 bullfrogs
  7 kobold brigands
  An earth elemental (Elf:1)
  A scorpion (D:5)
  A water moccasin zombie (D:5)
  16 killer bees
  9 wights
  2 electric eels (D:8)
  A bullfrog zombie (D:6)
  12 centaur zombies
  7 jellies
  A bullfrog skeleton (D:6)
  3 hounds
  3 centaur skeletons
  10 orc priests
  An iron imp (D:6)
  Jessica (D:3)
  2 iguanas (D:4)
  13 orc wizards
  2 killer bee zombies
  A hound zombie (D:5)
  2 hound skeletons (D:4)
  A howler monkey zombie (D:9)
  3 gnolls (D:8)
  3 adders
  A white imp (D:6)
  An ufetubus (D:7)
  2 dart slugs
  55 orcs
  6 endoplasms
  8 goblins
  6 hobgoblins
  7 jackals (D:2)
  6 quokkas
  7 ball pythons
  5 bats
  2 frilled lizards
  A goblin skeleton (D:6)
  A hobgoblin zombie (D:6)
  30 kobolds
  A kobold skeleton (D:6)
  A kobold zombie (D:6)
  An orc skeleton (D:6)
  6 rats
  A rat zombie (D:6)
693 creatures vanquished.

Vanquished Creatures (collateral kills)
  2 ogre magi (Orc:2)
  2 two-headed ogres (Orc:2)
  A death yak (Lair:6)
  An iron troll (D:15)
  A cyclops (D:12)
  A komodo dragon (Lair:6)
  A tengu conjurer (D:12)
  A troll (Orc:2)
  2 slime creatures
  5 yaks
  A water moccasin (Lair:6)
  An orc warrior (Orc:2)
  An ogre (Orc:2)
  A centaur (D:9)
  A wolf (Lair:6)
  A jelly (Gauntlet)
  A dart slug (D:2)
  3 orcs
  A hobgoblin (D:3)
28 creatures vanquished.

Vanquished Creatures (others)
  A dancing weapon (Elf:1)
  A deep elf knight (Elf:1)
  A fire elemental (Elf:2)
  8 fungi (Lair:2)
  13 plants
  4 withered plants (Gauntlet)
28 creatures vanquished.

Grand Total: 749 creatures vanquished

Notes
Turn   | Place    | Note
-------+----------+-------------------------------------------
     0 | D:1      | jasper the Demonspawn Artificer began the quest for the
                  | Orb.
     0 | D:1      | Reached XP level 1. HP: 15/15 MP: 1/1
   242 | D:1      | Reached skill level 1 in Dodging
   493 | D:1      | Gained mutation: A weak demonic guardian rushes to your
                  | aid. [demonic ancestry]
   493 | D:1      | Reached XP level 2. HP: 21/21 MP: 2/2
  1020 | D:2      | Reached skill level 1 in Shields
  1029 | D:2      | Gained mutation: You are partially covered in sharp spines.
                  | [demonic ancestry]
  1029 | D:2      | Reached XP level 3. HP: 17/27 MP: 3/3
  1655 | D:2      | Found a sparkling altar of Nemelex Xobeh.
  2228 | D:3      | Found a faded altar of an unknown god.
  2567 | D:3      | Gained mutation: A demonic guardian rushes to your aid.
                  | [demonic ancestry]
  2567 | D:3      | Reached XP level 4. HP: 33/34 MP: 4/4
  2786 | D:3      | Noticed Jessica
  2791 | D:3      | Killed Jessica
  3045 | D:4      | Found a runed translucent door.
  3052 | D:4      | Gained mutation: You have a pair of small horns on your
                  | head. [demonic ancestry]
  3052 | D:4      | Reached XP level 5. HP: 36/41 MP: 5/5
  3142 | D:4      | Found a runed translucent door.
  3470 | D:4      | Noticed a black bear
  3493 | D:4      | Noticed SirDiesAlot's ghost (weakling MiDe)
  3842 | D:4      | Noticed a lemure
  3856 | D:4      | Killed a lemure
  3859 | D:4      | Noticed Pikel
  3862 | D:4      | Noticed a lemure
  3864 | D:4      | Noticed a lemure
  3864 | D:4      | Noticed a lemure
  3891 | D:4      | Killed Pikel
  3892 | D:4      | Reached skill level 5 in Fighting
  3892 | D:4      | Reached XP level 6. HP: 46/51 MP: 6/6
  3892 | D:4      | Gained mutation: A powerful demonic guardian rushes to your
                  | aid. [demonic ancestry]
  3892 | D:4      | Reached XP level 7. HP: 50/56 MP: 7/7
  4162 | D:5      | Entered Level 5 of the Dungeon
  4218 | D:5      | Reached skill level 1 in Unarmed Combat
  4350 | D:5      | Reached skill level 2 in Unarmed Combat
  4595 | D:5      | Found a staircase to the Ecumenical Temple.
  4606 | Temple   | Entered the Ecumenical Temple
  4930 | Temple   | Became a worshipper of Cheibriados the Contemplative
  5077 | D:5      | Gained mutation: You have a pair of horns on your head.
                  | [demonic ancestry]
  5077 | D:5      | Reached XP level 8. HP: 63/64 MP: 8/8
  5083 | D:5      | Learned a level 5 spell: Blade Hands
  5217 | D:5      | Reached skill level 3 in Unarmed Combat
  6018 | D:6      | Found an opulent altar of Gozag.
  6023 | D:6      | Found Gozag's Platinum Reserve.
  6035 | D:6      | Bought the -5 pair of gloves of Purpose {+Inv rC+} for 50
                  | gold pieces
  6078 | D:6      | Reached skill level 4 in Unarmed Combat
  6179 | D:6      | Reached * piety under Cheibriados
  6834 | D:6      | Reached skill level 5 in Unarmed Combat
  6923 | D:6      | Found an ancient bone altar of Kikubaaqudgha.
  7098 | D:7      | Noticed Menkaure
  7103 | D:7      | Killed Menkaure
  7104 | D:7      | Reached XP level 9. HP: 72/72 MP: 9/9
  7603 | D:7      | Reached skill level 6 in Unarmed Combat
  8102 | D:7      | Killed an unseen horror
  8649 | D:8      | Reached skill level 5 in Dodging
  8673 | D:8      | Reached skill level 7 in Unarmed Combat
  8743 | D:8      | Found a radiant altar of Vehumet.
  8771 | D:8      | Reached ** piety under Cheibriados
  8806 | D:8      | Found a shimmering blue altar of Sif Muna.
  8910 | D:8      | Found a staircase to the Lair.
  8922 | D:8      | Noticed a troll
  8953 | D:8      | Killed a troll
  8954 | D:8      | Gained mutation: You are partially covered in rugged brown
                  | scales. (AC +1, +3% HP) [demonic ancestry]
  8954 | D:8      | Reached XP level 10. HP: 58/82 MP: 10/10
  9224 | D:8      | Reached skill level 8 in Unarmed Combat
  9225 | D:8      | Reached *** piety under Cheibriados
 10212 | D:9      | Found a basalt altar of Yredelemnul.
 10262 | D:9      | Reached **** piety under Cheibriados
 10461 | D:9      | Found a bloodstained altar of Trog.
 10520 | D:9      | Noticed Harold
 10534 | D:9      | Killed Harold
 10535 | D:9      | Reached skill level 9 in Unarmed Combat
 10843 | D:9      | Noticed a two-headed ogre
 10844 | D:9      | Noticed a purple ugly thing
 10860 | D:9      | Killed a two-headed ogre
 10861 | D:9      | Killed a purple ugly thing
 10873 | D:9      | Reached XP level 11. HP: 37/91 MP: 11/11
 11505 | D:10     | Entered Level 10 of the Dungeon
 11630 | D:10     | Found a sparkling altar of Nemelex Xobeh.
 11723 | D:10     | Reached skill level 10 in Unarmed Combat
 11857 | D:10     | Noticed Urug
 11861 | D:10     | Killed Urug
 11861 | D:10     | Reached ***** piety under Cheibriados
 11881 | D:10     | Found a staircase to the Orcish Mines.
 12387 | D:11     | Reached skill level 10 in Fighting
 12609 | D:11     | Noticed an orc knight
 12622 | D:11     | Killed an orc knight
 12737 | D:11     | Reached skill level 1 in Invocations
 12949 | D:11     | Reached skill level 5 in Invocations
 13495 | Lair:1   | Entered Level 1 of the Lair of Beasts
 13940 | Lair:1   | Reached skill level 10 in Invocations
 13950 | Lair:1   | Learned a level 3 spell: Tukima's Dance
 14203 | Lair:1   | Got Zumedev's Reference Book on Flight
 14287 | Lair:1   | Noticed a seven-headed hydra
 14295 | Lair:1   | Killed a seven-headed hydra
 14296 | Lair:1   | Reached XP level 12. HP: 62/99 MP: 18/20
 15290 | Lair:2   | Reached skill level 1 in Transmutations
 15449 | Lair:2   | Found a staircase to the Swamp.
 15683 | Lair:2   | Reached ****** piety under Cheibriados
 15717 | Lair:2   | Noticed an eight-headed hydra
 15726 | Lair:2   | Killed an eight-headed hydra
 15809 | Lair:2   | Reached skill level 5 in Transmutations
 16389 | Lair:3   | Noticed Gastronok
 16406 | Lair:3   | Killed Gastronok
 16439 | Lair:3   | Found a gate leading to a gauntlet.
 16448 | Gauntlet | Entered a Gauntlet
 16448 | Gauntlet | Found a transporter.
 16458 | Gauntlet | Found a transporter.
 16461 | Gauntlet | Found a transporter.
 16462 | Gauntlet | Found a transporter.
 16471 | Gauntlet | Found a transporter.
 16473 | Gauntlet | Found a transporter.
 16474 | Gauntlet | Found a transporter.
 16477 | Gauntlet | Noticed a fire dragon
 16478 | Gauntlet | Found a runed translucent door.
 16480 | Gauntlet | Found a runed translucent door.
 16481 | Gauntlet | a fire dragon changed into a slime creature
 16482 | Gauntlet | Found a transporter.
 16485 | Gauntlet | Found a transporter.
 16486 | Gauntlet | Found a transporter.
 16486 | Gauntlet | Noticed a bunyip
 16486 | Gauntlet | a slime creature changed into a bunyip
 16486 | Gauntlet | Noticed a spark wasp
 16486 | Gauntlet | a bunyip changed into a spark wasp
 16489 | Gauntlet | Noticed a six-headed hydra
 16489 | Gauntlet | a spark wasp changed into a six-headed hydra
 16491 | Gauntlet | Noticed a minotaur
 16491 | Gauntlet | a six-headed hydra changed into a minotaur
 16493 | Gauntlet | Noticed a death yak
 16493 | Gauntlet | a minotaur changed into a death yak
 16494 | Gauntlet | Found a transporter.
 16497 | Gauntlet | Found a transporter.
 16498 | Gauntlet | Found a transporter.
 16506 | Gauntlet | Found a transporter.
 16633 | Gauntlet | Noticed a quicksilver ooze
 16633 | Gauntlet | a goliath frog changed into a quicksilver ooze
 16640 | Gauntlet | Noticed a fire dragon
 16640 | Gauntlet | a quicksilver ooze changed into a fire dragon
 16641 | Gauntlet | a fire dragon changed into a wolf spider
 16642 | Gauntlet | Noticed a great orb of eyes
 16642 | Gauntlet | a wolf spider changed into a great orb of eyes
 16643 | Gauntlet | Noticed a boulder beetle
 16643 | Gauntlet | a great orb of eyes changed into a boulder beetle
 16648 | Gauntlet | Noticed an anaconda
 16648 | Gauntlet | a boulder beetle changed into an anaconda
 16652 | Gauntlet | an anaconda changed into a torpor snail
 16660 | Gauntlet | Noticed an alligator
 16660 | Gauntlet | a slime creature changed into an alligator
 16661 | Gauntlet | Noticed a great orb of eyes
 16661 | Gauntlet | an alligator changed into a great orb of eyes
 16662 | Gauntlet | Noticed an anaconda
 16662 | Gauntlet | a great orb of eyes changed into an anaconda
 16666 | Gauntlet | Noticed a spark wasp
 16666 | Gauntlet | an anaconda changed into a spark wasp
 16668 | Gauntlet | Noticed a satyr
 16668 | Gauntlet | a spark wasp changed into a satyr
 16669 | Gauntlet | a satyr changed into a shining eye
 16790 | Gauntlet | Identified the ring of Past Mistakes {+Blink rCorr Dex+3
                  | SInv}
 17323 | Gauntlet | Identified the +1 helmet "Fidd" {Drain rF- rCorr Str+10}
 17345 | Gauntlet | Found the +2 robe of Vines {NoPotionHeal Regen+++}
 17345 | Gauntlet | Identified the +6 chain mail "Jyont" {rElec rF+ Int+4}
 17345 | Gauntlet | Noticed a minotaur
 17350 | Gauntlet | Killed a minotaur
 17351 | Gauntlet | Gained mutation: You have a pair of large horns on your
                  | head. [demonic ancestry]
 17351 | Gauntlet | Reached XP level 13. HP: 96/106 MP: 17/22
 18049 | Lair:3   | Found a hole to the Spider Nest.
 18461 | Lair:4   | Noticed Juirae's ghost (journeyman TrMo)
 18494 | Lair:4   | Reached skill level 10 in Transmutations
 19333 | Lair:4   | Found a transporter.
 19367 | Lair:4   | Found a transporter.
 20182 | Lair:5   | Found a staircase to the Slime Pits.
 20380 | Lair:5   | Reached skill level 11 in Unarmed Combat
 21263 | Orc:1    | Entered Level 1 of the Orcish Mines
 21263 | Orc:1    | Noticed Nergalle
 21272 | Orc:1    | Noticed Erica
 21274 | Orc:1    | Killed Nergalle
 21282 | Orc:1    | Killed Erica
 21283 | Orc:1    | Reached XP level 14. HP: 106/114 MP: 20/23
 21703 | Orc:2    | Entered Level 2 of the Orcish Mines
 22579 | Orc:2    | Reached skill level 12 in Unarmed Combat
 22598 | Orc:2    | HP: 2/116 [two-headed ogre (23)]
 22998 | Orc:2    | Paralysed by something for 4 turns
 23132 | Orc:2    | Found Opnug's Armour Boutique.
 23132 | Orc:2    | Found Yxesaqoll's Weapon Emporium.
 23133 | Orc:2    | Found Qif Mof's Assorted Antiques.
 23133 | Orc:2    | Found Cydwy's Assorted Antiques.
 23148 | Orc:2    | Bought a warped brass ring for 170 gold pieces
 23148 | Orc:2    | Identified the ring "Koefyuwk" {rC+ rN+} (You bought it in
                  | a shop on level 2 of the Orcish Mines)
 23148 | Orc:2    | Bought a scroll of fear for 119 gold pieces
 23152 | Orc:2    | Bought a +0 pair of gloves of dexterity for 161 gold pieces
 23525 | Orc:2    | Reached skill level 10 in Dodging
 23540 | Orc:2    | Found a staircase to the Elven Halls.
 23985 | Lair:6   | Entered Level 6 of the Lair of Beasts
 24031 | Lair:6   | Learned a level 1 spell: Apportation
 24267 | Lair:6   | Reached skill level 13 in Unarmed Combat
 25142 | Lair:6   | Found a sparkling altar of Nemelex Xobeh.
 25499 | Lair:6   | Gained mutation: You are mostly covered in sharp spines.
                  | [demonic ancestry]
 25499 | Lair:6   | Reached XP level 15. HP: 82/124 MP: 19/24
 25744 | Lair:6   | Identified the ring "Jiqacito" {rC+ Will+ rCorr MP+9}
 26338 | D:12     | Noticed Erolcha
 26342 | D:12     | Killed Erolcha
 26751 | D:12     | Noticed Frances
 26752 | D:12     | Identified a scroll of acquirement
 26752 | D:12     | Acquired a +1 buckler of protection
 26755 | D:12     | Killed Frances
 26861 | D:12     | Reached skill level 14 in Unarmed Combat
 27596 | D:13     | Found a gate to the Vaults.
 28049 | D:13     | Found a portal to a secret trove of treasure.
 28271 | D:14     | Gained mutation: Armour fits poorly on your strangely
                  | shaped body. [mutagenic glow]
 28469 | D:14     | Lost mutation: Armour fits poorly on your strangely shaped
                  | body. [potion of mutation]
 28469 | D:14     | Gained mutation: Your spells are a little easier to cast,
                  | but a little less powerful. [potion of mutation]
 29002 | D:15     | Entered Level 15 of the Dungeon
 30056 | D:15     | Reached skill level 15 in Unarmed Combat
 30456 | D:15     | Noticed an iron dragon
 30468 | D:15     | Killed an iron dragon
 30748 | D:15     | Found the ring of the Tortoise {AC+8}
 30798 | D:15     | Noticed Josephine
 30810 | D:15     | Killed Josephine
 30945 | D:15     | Found a staircase to the Depths.
 31276 | Elf:1    | Entered Level 1 of the Elven Halls
 31331 | Elf:1    | Found Hamagguc's Weapon Emporium.
 31331 | Elf:1    | Found Unerghory's Antique Weapon Shoppe.
 31339 | Elf:1    | Gained mutation: You are mostly covered in rugged brown
                  | scales. (AC +2, +5% HP) [demonic ancestry]
 31339 | Elf:1    | Reached XP level 16. HP: 128/138 MP: 25/25
 31903 | Elf:1    | Found Jogh's Antique Armour Shoppe.
 32361 | Elf:1    | Found Naxtocku's Antique Armour Boutique.
 32678 | Orc:2    | Bought quicksilver dragon scales for 2040 gold pieces
 32755 | Elf:2    | Shot with an arrow by a deep elf archer

Illustrated notes

Levels and vault maps discovered:
D:1:      roderic_chinese_lattice_arrival, layout_rooms
D:2:      layout_loops_ring, basic_altar, minmay_randomly_rotated_circles
D:3:      layout_basic, chequers_ecumenical_altar_twisty, uniq_jessica
D:4:      layout_cave_pods, ebering_ghost_sewer_f, uniq_pikel
D:5:      layout_basic, nicolae_elyvilon_peaceful_grove,
          minmay_temple_entry_poolview
D:6:      layout_loops_cross, lemuel_zombie_altar_kikubaaqudgha,
          nicolae_gozag_zags_fifth_avenue, nicolae_tso_besieged_by_evil
D:7:      layout_gridville, uniq_menkaure
D:8:      layout_basic, nicolae_sif_muna_little_library,
          nicolae_vehumet_altar_sigil, erik_lair_island, serial_park_tiny_pond
D:9:      layout_loops_ring, nicolae_yredelemnul_corpse_copse, trog_antimagical,
          grunt_potential, uniq_harold
D:10:     minmay_klotski, layout_small_grid, lemuel_doored_altar, orc_0_dummy,
          minmay_hedge_maze, uniq_urug
D:11:     layout_cave_pods
D:12:     layout_cross, st_stairs_4, uniq_erolcha, uniq_frances
D:13:     layout_basic, david_vaults_4, nicolae_trove_entry_columns
D:14:     layout_roguey, minmay_misc_feat_columns
D:15:     grunt_enter_depths_magical_seal, layout_loops_ring,
          minmay_tree_intersection, chequers_serial_rivers_small_3,
          minmay_guarded_unrand_tortoise, uniq_josephine
Temple:   oiseaux_autumnal_temple
Lair:1:   layout_cave_pods, amcnicky_mini_pool_medium
Lair:2:   layout_chaotic_city, skrybe_swamp_entry_bodies, grunt_megastairs_1
Lair:3:   layout_chaotic_city, spider_nest_entry_rubble, gauntlet_entry_generic,
          uniq_gastronok
Lair:4:   layout_cave_pods, gammafunk_ghost_berserking_beasts,
          serial_bayou_pond_d
Lair:5:   layout_hall_layers, minmay_slime_entry_pillars, beast_lair_carwin_8,
          grunt_megastairs_4
Lair:6:   grunt_lair_end_beastmaster, layout_big_grid, basic_altar,
          chequers_serial_rivers_marsh, serial_bayou_shore_b
Orc:1:    layout_caves, uniq_erica, uniq_nergalle
Orc:2:    st_orc_ogre_mass, layout_diamond_mine
Elf:1:    layout_geoelf_diagonals, serial_shops, shop_fountains, shop,
          nicolae_lakefront_shop, shop, hangedman_elven_crosses_minicolossus
Elf:2:    elven_hall_of_blades_hangedman_original [grunt_blade_entry_basic],
          layout_loops_ring, drop_trap

Skill      XL: |  1  2  3  4  5  6  7  8  9 10 11 12 13 14 15 16 |
---------------+-------------------------------------------------+-----
Dodging        | 1 2 4 5 7 8 9 10 11 12 | 12.9
Shields        | 1 2 4 |  4.7
Fighting       | 2 3 5 6 7 8 9 10 12 13 14 | 14.6
Unarmed Combat | 2 5 7 9 10 11 13 15 | 15.0
Invocations    | 10 12 | 12.0
Transmutations | 8 11 | 11.1
Armour         | 2 |  2.3
Stealth        | |  0.8
Evocations     | |  3.2

Action                   |  1- 3 |  4- 6 |  7- 9 | 10-12 | 13-15 | 16-18 || total
-------------------------+-------+-------+-------+-------+-------+-------++-------
Melee: Club              |    23 |       |       |       |       |       ||    23
       Rapier            |    78 |    50 |   155 |       |       |       ||   283
       Headbutt          |       |     5 |    47 |   219 |   281 |    24 ||   576
       Unarmed           |       |       |    44 |   548 |   759 |    95 ||  1446
       Punch             |       |       |       |       |    35 |     9 ||    44
Throw: Stone             |     2 |     2 |     7 |     5 |     7 |       ||    23
 Cast: Blade Hands       |       |       |       |     1 |    50 |    10 ||    61
Invok: Slouch            |       |       |       |     3 |     2 |       ||     5
Evoke: Wand              |     9 |     7 |    12 |    23 |     2 |     2 ||    55
       Phantom mirror    |       |       |       |       |     1 |       ||     1
  Use: Scroll            |     5 |     2 |     6 |    13 |     7 |       ||    33
       Potion            |       |       |     1 |     6 |     5 |       ||    12
 Stab: Sleeping          |     1 |       |       |       |       |       ||     1
       Distracted        |       |       |       |       |     2 |       ||     2
Armor: Leather armour    |    34 |       |       |       |       |       ||    34
       Scale mail        |    10 |    31 |    92 |   113 |       |       ||   246
       Skin              |       |       |    36 |     6 |       |       ||    42
       Chain mail        |       |       |       |       |   247 |    36 ||   283
       Quicksilver drago |       |       |       |       |       |     8 ||     8
Dodge: Dodged            |    62 |    21 |   134 |   346 |   596 |    73 ||  1232
Block: Buckler           |    12 |    11 |    70 |   289 |   192 |    19 ||   593
       Reflection        |       |       |       |     9 |    12 |     5 ||    26
       Other             |       |       |       |       |    90 |    10 ||   100

Table legend: (Time is in decaauts)
 A = Elapsed time spent in this place.
 B = Non-inter-level travel time spent in this place.
 C = Inter-level travel time spent in this place.
 D = Time resting spent in this place.
 E = Time spent auto-exploring this place.
 F = Levels seen in this place.
 G = Mean time per level.
                   A        B        C        D        E       F      G
               +--------+--------+--------+--------+--------+-----+--------+
         Total |  45223 |  40755 |   4468 |   6165 |  28264 |  27 | 1674.9 |
       Dungeon |  24101 |  21894 |   2207 |   3699 |  15174 |  15 | 1606.7 |
        Temple |    369 |    292 |     77 |      0 |    277 |   1 |  369.0 |
          Lair |  13594 |  11972 |   1622 |   1125 |   9011 |   6 | 2265.7 |
  Orcish Mines |   3886 |   3447 |    439 |    818 |   1926 |   2 | 1943.0 |
   Elven Halls |   2131 |   2009 |    122 |      0 |   1647 |   2 | 1065.5 |
      Gauntlet |   1140 |   1140 |      0 |    523 |    228 |   1 | 1140.0 |
               +--------+--------+--------+--------+--------+-----+--------+

Top non-repeatable levels by time:
  Lair:1: 2961 daAuts
    D:15: 2852 daAuts
  Lair:4: 2638 daAuts
     D:9: 2500 daAuts
   Orc:2: 2465 daAuts
    D:11: 2119 daAuts
   Elf:1: 2116 daAuts
  Lair:6: 2107 daAuts
  Lair:5: 2026 daAuts
  Lair:2: 1981 daAuts
     D:8: 1927 daAuts
     D:6: 1899 daAuts
  Lair:3: 1878 daAuts
     D:7: 1878 daAuts
    D:13: 1667 daAuts
